 Dungeon Crawl Stone Soup version 0.30-a0-737-gf23d94013f (webtiles) character file.

Game seed: 6388671432796829690

119 jimonade the Ruffian (level 4, -4/35 HPs)
             Began as a Draconian Transmuter on Feb 3, 2023.
             Killed from afar by an orc wizard (9 damage)
             ... with a puff of flame
             ... on level 3 of the Dungeon.
             The game lasted 00:03:53 (2281 turns).

jimonade the Ruffian (Draconian Transmuter)         Turns: 2281, Time: 00:03:53

Health: -4/35      AC:  5    Str: 13    XL:     4   Next: 73%
Magic:  8/8        EV: 12    Int: 15    God:
Gold:   67         SH:  5    Dex: 11    Spells: 8/9 levels left

rFire   . . .      SeeInvis .      - Unarmed
rCold   . . .      Faith    .    (no shield)
rNeg    . . .      Spirit   .    (body armour unavailable)
rPois   .          Reflect  +    (helmet restricted)
rElec   .          Harm     .    (no cloak)
rCorr   .          Rampage  .    (no gloves)
Will    .....                    (no boots)
Stlth   +                        f - amulet of reflection
HPRegen 0.25/turn                (no ring)
MPRegen 0.11/turn                (no ring)

@: no status effects
A: AC +5, unfitting armour, cold-blooded
a: no special abilities


You were on level 3 of the Dungeon.
You visited 1 branch of the dungeon, and saw 3 of its levels.

You collected 67 gold pieces.

Inventory:

Hand Weapons
 h - a +1 whip of venom
 l - a +0 sling
Missiles
 i - 5 boomerangs
Jewellery
 f - an amulet of reflection (around neck)
Scrolls
 b - 3 scrolls of teleportation {unknown}
 c - a scroll of torment {unknown}
 d - 2 scrolls of vulnerability {unknown}
 e - a scroll of silence {unknown}
 k - a scroll of identify {unknown}
 n - a scroll of poison {unknown}
Potions
 a - 3 potions of lignification
 g - 3 potions of curing {unknown}
 j - a potion of resistance {unknown}
 m - 3 potions of attraction {unknown}
 o - a potion of haste {unknown}


   Skills:
 + Level 1.1 Fighting
 - Level 1.7 Dodging
 + Level 0.1 Stealth
 * Level 4.6 Unarmed Combat
 + Level 3.0 Spellcasting
 + Level 2.4 Transmutations


You had 8 spell levels left.
You knew the following spells:

 Your Spells              Type           Power      Damage    Failure   Level
a - Beastly Appendage     Tmut           18%        N/A       8%          1

Your spell library contained the following spells:

 Spells                   Type           Power      Damage    Failure   Level
 Wereblood                Tmut           9%         N/A       11%         2
 Kiss of Death            Conj/Necr      8%         2d6       21%         1
 Spider Form              Tmut/Pois      5%         N/A       36%         3
 Confusing Touch          Hex            2%         N/A       52%         3
 Ice Form                 Ice/Tmut       5%         N/A       77%         4
 Dispel Undead            Necr           2%         3d7       89%         4


Dungeon Overview and Level Annotations

Branches:
Dungeon (3/15)

Altars:


Innate Abilities, Weirdness & Mutations

Your plain brown scales are hard. (AC +5)
You cannot fit into any form of body armour.
You are cold-blooded and may be slowed by cold attacks.


Message History

The orc wizard flickers and vanishes!
You block something's attack. You block the orc's attack.
You hit something.
You hear some strange, mumbled words.
A puff of flame appears from out of thin air!
The puff of flame hits you. Something hits you but does no damage.
The orc hits you with a +0 whip.
You hit the orc. Your punch misses the orc.
The orc is severely wounded.
Something hits you but does no damage. x2; You block the orc's attack.
You closely miss the orc.
You tail-slap the orc, but do no damage.
The orc is severely wounded.
Something hits you. x2; The orc barely misses you.
You barely miss the orc.
Your tail-slap misses the orc.
The orc is severely wounded.
Something hits you but does no damage. Something hits you.
You block the orc's attack.
You hit the orc.
You kill the orc!
Something hits you but does no damage. Something barely misses you.
You completely miss something. Something hits you. x2
* * * LOW HITPOINT WARNING * * *
You miss something. Something hits you.
* * * LOW HITPOINT WARNING * * *
Something hits you.
* * * LOW HITPOINT WARNING * * *
You closely miss something.
Your tail-slap misses something.
Something completely misses you. Something hits you.
* * * LOW HITPOINT WARNING * * *
You hit something but do no damage. Something hits you but does no damage.
Something hits you.
* * * LOW HITPOINT WARNING * * *
You miss something. Something hits you but does no damage.
You block something's attack.
You hit something but do no damage. Something hits you but does no damage.
You hear some strange, mumbled words.
A puff of flame appears from out of thin air!
The puff of flame hits you!
You die...

### #### #.. ..#
#.#####.#####
######>##........#
#...†#.##.##.###.####
#.#.##.##.†......#
####.##..........##.##.#
#.....{@########.##.##.#
#.##..){# #.##....#
#..#.. #.####...
#..###.. #.# ##..# #..
?.. #.......# #. #...
######..# .. .... #..#
#. ..... #..# #...


There were no monsters in sight!

Vanquished Creatures
  Natasha (twice) (D:3)
  A worm (D:2)
  A dart slug (D:2)
  4 orcs (D:3)
  4 bats (D:2)
  6 endoplasms
  2 giant cockroaches
  2 goblins
  8 hobgoblins
  4 jackals (D:1)
  4 quokkas
  4 ball pythons
  2 frilled lizards
  4 kobolds
  5 rats
53 creatures vanquished.

Notes
Turn   | Place    | Note
-------+----------+-------------------------------------------
     0 | D:1      | jimonade the Draconian Transmuter began the quest for the
                  | Orb.
     0 | D:1      | Reached XP level 1. HP: 16/16 MP: 3/3
   106 | D:1      | Reached XP level 2. HP: 23/23 MP: 3/5
   905 | D:1      | Reached skill level 4 in Unarmed Combat
  1070 | D:2      | You fall into a shaft and drop 1 floor!
  1081 | D:2      | Reached XP level 3. HP: 28/28 MP: 4/6
  1805 | D:3      | Noticed Natasha
  1818 | D:3      | Killed Natasha
  1819 | D:3      | Reached XP level 4. HP: 6/35 MP: 7/7
  2149 | D:3      | Noticed Natasha
  2159 | D:3      | Killed Natasha
  2281 | D:3      | Killed from afar by an orc wizard

Illustrated notes

Levels and vault maps discovered:
D:1:      dpeg_arrival_round_a, layout_basic, minmay_statues_item,
          grunt_decor_one_mirror, minmay_shallow_snake_nest
D:2:      layout_basic
D:3:      layout_loops_cross, uniq_natasha

Skill      XL: |  1  2  3  4 |
---------------+-------------+-----
Unarmed Combat | 4 |  4.6
Spellcasting   | 3 |  3.0
Fighting       | |  1.1
Dodging        | |  1.7
Stealth        | |  0.1
Transmutations | |  2.4

Action                     |  1- 3 |  4- 6 || total
---------------------------+-------+-------++-------
  Melee: Unarmed           |   109 |    46 ||   155
         Kick              |    25 |     6 ||    31
         Headbutt          |    13 |     7 ||    20
         Tailslap          |    14 |     4 ||    18
         Punch             |     3 |       ||     3
   Cast: Beastly Appendage |    31 |     7 ||    38
 Armour: Skin              |    21 |    26 ||    47
  Dodge: Dodged            |    55 |     9 ||    64
  Block: Other             |     7 |     9 ||    16

Table legend: (Time is in decaauts)
 A = Elapsed time spent in this place.
 B = Non-inter-level travel time spent in this place.
 C = Inter-level travel time spent in this place.
 D = Time resting spent in this place.
 E = Time spent auto-exploring this place.
 F = Levels seen in this place.
 G = Mean time per level.
                   A        B        C        D        E       F      G
               +--------+--------+--------+--------+--------+-----+--------+
         Total |   2270 |   2222 |     48 |      0 |   1849 |   3 |  756.7 |
       Dungeon |   2270 |   2222 |     48 |      0 |   1849 |   3 |  756.7 |
               +--------+--------+--------+--------+--------+-----+--------+

Top non-repeatable levels by time:
     D:1: 1025 daAuts
     D:3: 667 daAuts
     D:2: 577 daAuts
